General information
			
			
        
        - name: BNet
 
        - type: Ladder 1vs1/FFA
 
        - host: Battle.net
 
        - saver: FIE_FIE_FIE_FIE
 
        
map: TurtleRock 
        - players: 2
 
        - length: 22:10
 
        - speed: Fast
 - version: 1.22 W3XP
 - replay type:  Public
 
» download(47 KB)
Players
        team 1 (winner) 
              
              
FIE_FIE_FIE_FIE (
teal | 38 APM | 841 actions | 22:10)
              
 5 Blood Mage 
 3 Flame Strike
 2 Siphon Mana
 
                » actions 
                
                | Assign group hotkey | 66 |  | 
| Basic commands | 6 |  | 
| Build / train | 79 |  | 
| ESC pressed | 1 |  | 
| Enter build submenu | 44 |  | 
| Enter hero's abilities submenu | 5 |  | 
| Right click | 231 |  | 
| Select / deselect | 178 |  | 
| Select group hotkey | 158 |  | 
| Use ability | 73 |  | 
                841 total
 » units 
                » upgrades
                
                | Masonry | 3 |  | 
| Swords | 3 |  | 
| Lumber Harvesting | 1 |  | 
| Storm Hammers | 1 |  | 
| Armor | 1 |  | 
                9 total
 » buildings
                
                | Lumber Mill | 1 |  | 
| Altar of Kings | 1 |  | 
| Farm | 12 |  | 
| Blacksmith | 1 |  | 
| Scout Tower | 26 |  | 
| Guard Tower | 19 |  | 
| Keep | 1 |  | 
| Arcane Vault | 1 |  | 
| Town Hall | 1 |  | 
| Castle | 1 |  | 
| Gryphon Aviary | 3 |  | 
                67 total
 » build order
                07:11 Lumber Mill
07:15 Altar of Kings
07:24 Farm
07:29 Blacksmith
07:32 Scout Tower
08:19 Farm
08:31 Guard Tower
08:37 Scout Tower
08:40 Scout Tower
09:03 Scout Tower
09:08 Guard Tower
09:13 Guard Tower
09:24 Farm
09:33 Guard Tower
10:08 Scout Tower
10:11 Scout Tower
10:14 Scout Tower
10:37 Guard Tower
10:41 Guard Tower
10:56 Keep
11:18 Guard Tower
11:35 Arcane Vault
12:14 Scout Tower
12:17 Scout Tower
12:20 Scout Tower
12:21 Scout Tower
12:24 Scout Tower
12:26 Scout Tower
12:40 Guard Tower
12:45 Guard Tower
12:47 Guard Tower
12:48 Guard Tower
12:51 Guard Tower
12:54 Guard Tower
12:58 Town Hall
13:04 Scout Tower
13:05 Scout Tower
13:38 Scout Tower
13:39 Scout Tower
13:42 Scout Tower
13:43 Scout Tower
13:46 Guard Tower
13:48 Scout Tower
13:49 Scout Tower
14:11 Castle
14:20 Guard Tower
15:19 Scout Tower
15:20 Scout Tower
15:21 Scout Tower
15:30 Scout Tower
15:31 Scout Tower
15:58 Guard Tower
16:24 Gryphon Aviary
16:27 Gryphon Aviary
16:37 Guard Tower
16:59 Guard Tower
17:41 Gryphon Aviary
17:47 Farm
17:47 Farm
17:50 Farm
17:53 Farm
17:56 Farm
18:49 Farm
18:51 Farm
19:19 Farm
19:22 Farm
» items
                
                | Lesser Clarity Potion | 2 |  | 
| Scroll of Regeneration | 3 |  | 
| Potion of Healing | 1 |  | 
                6 total
  
               team 2 (loser) 
              
              
Mordoriel (
blue | 18 APM | 396 actions | 22:09)
              
 4 Tauren Chieftain 
 2 War Stomp
 2 Endurance Aura
 2 Dark Ranger 
 1 Silence
 1 Life Drain
 
                » actions 
                
                | Basic commands | 9 |  | 
| Build / train | 65 |  | 
| Enter build submenu | 17 |  | 
| Enter hero's abilities submenu | 6 |  | 
| Remove unit from queue | 1 |  | 
| Right click | 93 |  | 
| Select / deselect | 181 |  | 
| Use ability | 24 |  | 
                396 total
 » units 
                
                | Peon | 11 |  | 
| Grunt | 24 |  | 
| Troll Headhunter/Berserker | 4 |  | 
| Shaman | 6 |  | 
                45 total
 » upgrades
                
                | Troll Regeneration | 1 |  | 
| Berserker Strength | 1 |  | 
| Armor | 1 |  | 
| Melee Weapons | 2 |  | 
| Ranged Weapons | 1 |  | 
| Shaman Training | 2 |  | 
| Berserker Upgrade | 1 |  | 
                9 total
 » buildings
                
                | Altar of Storms | 1 |  | 
| Barracks | 3 |  | 
| Orc Burrow | 5 |  | 
| Stronghold | 1 |  | 
| War Mill | 1 |  | 
| Spirit Lodge | 2 |  | 
| Fortress | 1 |  | 
                14 total
 » build order
                00:14 Altar of Storms
00:19 Barracks
00:33 Orc Burrow
01:09 Barracks
02:10 Orc Burrow
02:20 Barracks
02:41 Orc Burrow
03:19 Orc Burrow
04:01 Orc Burrow
05:17 Stronghold
05:42 War Mill
09:42 Spirit Lodge
11:19 Spirit Lodge
11:39 Fortress
 
                Chat log
          
(17:11 / All) FIE_FIE_FIE_FIE: wanna hear something funny?
(17:14 / All) FIE_FIE_FIE_FIE: i was afk at start of game
(17:18 / All) FIE_FIE_FIE_FIE: came back and i had 4000 gold
(17:20 / All) Mordoriel: k
(17:21 / All) FIE_FIE_FIE_FIE: and 5 miners
(18:01 / All) Mordoriel: lol
(20:43 / All) Mordoriel: tower noob
(20:49 / All) FIE_FIE_FIE_FIE: i was afk
(20:51 / All) FIE_FIE_FIE_FIE: for 10 minutes
(20:53 / All) FIE_FIE_FIE_FIE: and you lost
(20:55 / All) FIE_FIE_FIE_FIE: and you call mea noob
(21:11 / All) Mordoriel: because ur a tower noob
(21:15 / All) FIE_FIE_FIE_FIE: k
(21:22 / All) FIE_FIE_FIE_FIE: you lost to a tower noob
(21:24 / All) Mordoriel: u cant win unlees u mass towers
(21:25 / All) FIE_FIE_FIE_FIE: who was afk for 10 minutes
(21:33 / All) FIE_FIE_FIE_FIE: you cant win even with a 10 minute head start
(21:39 / All) Mordoriel: who cares
(21:42 / All) FIE_FIE_FIE_FIE: u do
(21:45 / All) FIE_FIE_FIE_FIE: u got a lot to say about it
(22:03 / All) Mordoriel: next time try to when without the towers